 Dungeon Crawl Stone Soup version 0.29-a0-350-g7790a0e70a (webtiles) character file.

Game seed: 11331654603338038552

585 spaghetti the Fighter (level 7, 4/63 HPs)
             Began as a Gnoll Wanderer on Apr 22, 2022.
             Was an Initiate of Cheibriados.
             Quit the game on level 5 of the Dungeon.
             The game lasted 00:11:41 (5768 turns).

spaghetti the Fighter (Gnoll Wanderer)              Turns: 5768, Time: 00:11:42

Health: 4/63       AC: 10    Str:  7 (9)  XL:     7   Next: 37%
Magic:  10/10      EV: 14    Int:  9 (10) God:    Cheibriados [......]
Gold:   254        SH:  0    Dex: 19 (20) Spells: 2/10 levels left

rFire   + . .      SeeInvis .   i - +4 dagger (freeze) {short}
rCold   . . .      Faith    .   (no shield)
rNeg    . . .      Spirit   .   k - +2 ring mail {rF+}
rPois   .          Reflect  .   (no helmet)
rElec   .          Harm     .   y - +0 cloak
rCorr   .          Rampage  .   (no gloves)
Will    .....                   z - +0 pair of boots
Stlth   +++.......              (no amulet)
HPRegen 0.20/turn               r - +4 ring of evasion
MPRegen 0.12/turn               (no ring)

@: lethally poisoned (4 -> -3), about to teleport, weak-willed, very slow
A: fangs 1, strong nose, distributed training, clever 1, weak 1
a: Renounce Religion


You were on level 5 of the Dungeon.
You worshipped Cheibriados.
Cheibriados was noncommittal.
You visited 2 branches of the dungeon, and saw 6 of its levels.
You also visited: Ossuary.

You collected 254 gold pieces.


Innate Abilities, Weirdness & Mutations

You have very sharp teeth.
Your uncanny sense of smell can sniff out nearby items.
Your experience applies equally to all skills.
Your mind is acute. (Int +2)
You are weak. (Str -2)


   Skills:
 + Level 8.9 Fighting
 + Level 2.4 Short Blades
 + Level 2.4 Long Blades
 + Level 2.4 Axes
 + Level 2.4 Maces & Flails
 + Level 2.4 Polearms
 + Level 2.4 Staves
 + Level 2.4 Slings
 + Level 2.4 Bows
 + Level 2.4 Crossbows
 + Level 3.6 Throwing
 + Level 3.6 Armour
 + Level 2.4 Dodging
 + Level 8.2 Stealth
 + Level 2.4 Shields
 + Level 2.4 Unarmed Combat
 + Level 2.4 Spellcasting
 + Level 2.0 Conjurations
 + Level 2.0 Hexes
 + Level 2.0 Summonings
 + Level 2.0 Necromancy
 + Level 2.0 Translocations
 + Level 2.0 Transmutations
 + Level 2.0 Fire Magic
 + Level 2.0 Ice Magic
 + Level 2.0 Air Magic
 + Level 2.0 Earth Magic
 + Level 2.0 Poison Magic
 + Level 2.7 Invocations
 + Level 2.4 Evocations


You had 2 spell levels left.
You knew the following spells:

 Your Spells              Type           Power      Damage    Failure   Level
a - Call Imp              Summ           4%         N/A       56%         2
b - Mephitic Cloud        Conj/Pois/Air  4%         N/A       80%         3
c - Lesser Beckoning      Tloc           4%         N/A       80%         3

Your spell library contained the following spells:

 Spells                   Type           Power      Damage    Failure   Level
 Magic Dart               Conj           16%        1d3       41%         1
 Blink                    Tloc           8%         N/A       56%         2
 Static Discharge         Conj/Air       4%         N/A       56%         2
 Animate Dead             Necr           2%         N/A       99%         4
 Borgnjor's Vile Clutch   Necr/Erth      2%         N/A       100%        5
 Lightning Bolt           Conj/Air       2%         1d13      100%        5
 Manifold Assault         Tloc           4%         N/A       100%        5
 Death Channel            Necr           2%         N/A       100%        6
 Maxwell's Capacitive Co  Air            2%         ∞         100%        8

Inventory:

Hand Weapons
 a - a +1 dagger {short}
 e - a +0 dagger {short}
 i - a +4 dagger of freezing (weapon) {short}
   (You took it off Ijyb on level 4 of the Dungeon)
 p - a +4 dagger {short}
   (You took it off a kobold on level 2 of the Dungeon)
Missiles
 b - 2 atropa-tipped darts {throwing}
 c - a datura-tipped dart {throwing}
 d - 7 poisoned darts {throwing}
 h - 54 stones (quivered) {throwing}
 n - a throwing net {=f!fthrowing}
Armour
 g - a +0 leather armour
 k - a +2 ring mail of fire resistance (worn)
   (You took it off Ijyb on level 4 of the Dungeon)
 o - a +0 plate armour
   (You found it on level 1 of the Dungeon)
 y - a +0 cloak (worn)
   (You found it on level 3 of the Dungeon)
 z - a +0 pair of boots (worn)
   (You found it on level 3 of the Dungeon)
Jewellery
 r - a +4 ring of evasion (left hand)
   (You found it on level 2 of the Dungeon)
 u - a ring of positive energy
   (You found it on level 2 of the Dungeon)
Wands
 w - a wand of flame (13)
   (You found it on level 5 of the Dungeon)
 D - a wand of acid (12)
   (You found it on level 4 of the Dungeon)
 E - a wand of digging (4)
   (You found it in an ossuary)
Scrolls
 f - a scroll of fog
 t - 3 scrolls of noise {!r}
Potions
 l - a potion of haste {@q3}

Dungeon Overview and Level Annotations

Branches:
Dungeon (5/15)             Temple (1/1) D:4         Ossuary (visited)

Altars:
Ashenzari
Cheibriados
Dithmenos
Fedhas
Gozag
Hepliaklqana
Kikubaaqudgha
Makhleb
Nemelex Xobeh
Okawaru
Qazlal
Ru
Trog
Uskayaw
Vehumet
Yredelemnul
Zin

Shops:
D:2 :

Annotations:
D:5 1 runed translucent door, turdburglar's ghost, novice HOFi

#...........# *,,,,,,,,
##..........##### *,,,,,,,,
#..........#...## *,,,,,,,,
*#........y.#..####*****,,,,,,,,
#........).....+SW≈≈∆≈**,,,,,,,,
#....###y#.....####*************
#....* #y#........# *#....*
#y#[....y..#
*#...,**#(#.....@..#
**,∆,,,,)..........#
*****,,,...........#
*****,,,...........#
,,,,,,,,,..........#
,,,,,,,,,..#########
,,,,,,,,,.** ******+**,*
********* *,**,* *,,,,,,,*


You could see 2 killer bees, turdburglar's ghost (wandering) and an adder.


Message History

As you read the scroll of teleportation {@r4}, it crumbles to dust.
You feel strangely unstable.
The killer bee barely misses you. x2; The killer bee stings you.
* * * LOW HITPOINT WARNING * * *
The killer bee stings you but does no damage. x2
The killer bee closely misses you. The killer bee barely misses you.
The killer bee stings you.
* * * LOW HITPOINT WARNING * * *
You are poisoned.
The killer bee poisons you! 😱 HP[-4]
You take 4 damage, and now have 14/63 hp.
Unknown command.
Unknown command.
Unknown command.
You feel better. The killer bee completely misses you.
The killer bee stings you.
* * * LOW HITPOINT WARNING * * *
You are poisoned.
The killer bee poisons you!
The killer bee stings you but does no damage.
The killer bee misses you. The killer bee barely misses you.
The killer bee stings you but does no damage.
The killer bee barely misses you.
The killer bee closely misses you. 😨 HP[+5]
You regained 5 hp, and now have 19/63 hp.
Unknown command.
Unknown command.
Unknown command.
You feel better. The killer bee completely misses you.
The killer bee stings you.
* * * LOW HITPOINT WARNING * * *
The killer bee stings you!
* * * LOW HITPOINT WARNING * * *
The killer bee barely misses you. The killer bee closely misses you.
The killer bee stings you but does no damage.
The killer bee closely misses you. x2
Unknown command.
The killer bee attacks as you move away!
The killer bee stings you but does no damage.
Your surroundings seem slightly different.
Unknown command.
Throw: 2 darts (atropa) {throwing}
Press: ? - help, Shift-Dir - straight line, f - killer bee
Aim: a killer bee (inner flame, weak-willed, 42% to hit, chance to blind on hit: 91%)
Okay, then.
Throw: 3 boomerangs (disperse) {=f!fthrowing}
Press: ? - help, Shift-Dir - straight line, f - killer bee
Aim: a killer bee (inner flame, weak-willed, 42% to hit)
You throw a boomerang of dispersal {=f!fthrowing}.
The boomerang of dispersal {=f!fthrowing} hits the killer bee!
Flame seeps out of the killer bee.
The killer bee blinks!
Throw: 2 boomerangs (disperse) {=f!fthrowing}
Press: ? - help, Shift-Dir - straight line, f - killer bee
Aim: a killer bee (inner flame, weak-willed, 42% to hit)
You throw a boomerang of dispersal {=f!fthrowing}.
The boomerang of dispersal {=f!fthrowing} misses the killer bee.
Throw: boomerang (disperse) {=f!fthrowing}
Press: ? - help, Shift-Dir - straight line, f/p - killer bee
Aim: a killer bee (inner flame, weak-willed, 42% to hit)
You throw a boomerang of dispersal {=f!fthrowing}.
The boomerang of dispersal {=f!fthrowing} misses the killer bee.
The killer bee stings you but does no damage. 😨 HP[+1] Unknown command.
The killer bee stings you.
* * * LOW HITPOINT WARNING * * *
The killer bee closely misses you. 😨 HP[-1]
You take 1 damage, and now have 19/63 hp.
Okay, then.
Okay, then.
The killer bee stings you.
* * * LOW HITPOINT WARNING * * *
The killer bee stings you.
* * * LOW HITPOINT WARNING * * *
You are poisoned.
The killer bee poisons you! 😱 HP[-8]
You take 8 damage, and now have 11/63 hp.
Okay, then.
Okay, then.
As you read the scroll of teleportation {@r4}, it crumbles to dust.
You feel strangely unstable.
You feel sick. The killer bee barely misses you. The killer bee stings you.
* * * LOW HITPOINT WARNING * * *
😱 HP[-7]
You take 7 damage, and now have 4/63 hp.
Unknown command.
Unknown command.
You are lethally poisoned (4 -> -3).
You are about to teleport.
You are weak-willed.
Your movement speed is very slow.
Your attack delay is about 0.8.
Your base attributes are Str 10, Int 7, Dex 19.
Unknown command.
Are you sure you want to abandon this character and quit the game? (Confirm with "yes".)
Okay, then.
Unknown command.
Unknown command.
Are you sure you want to abandon this character and quit the game? (Confirm with "yes".)

Skill      XL: |  1  2  3  4  5  6  7 |
---------------+----------------------+-----
Invocations    | 1 2 |  2.7
Short Blades   | 1 2 |  2.4
Long Blades    | 1 2 |  2.4
Axes           | 1 2 |  2.4
Maces & Flails | 1 2 |  2.4
Polearms       | 1 2 |  2.4
Staves         | 1 2 |  2.4
Slings         | 1 2 |  2.4
Bows           | 1 2 |  2.4
Crossbows      | 1 2 |  2.4
Dodging        | 1 2 |  2.4
Shields        | 1 2 |  2.4
Unarmed Combat | 1 2 |  2.4
Spellcasting   | 1 2 |  2.4
Evocations     | 1 2 |  2.4
Conjurations   | 1 2 |  2.0
Hexes          | 1 2 |  2.0
Summonings     | 1 2 |  2.0
Necromancy     | 1 2 |  2.0
Translocations | 1 2 |  2.0
Transmutations | 1 2 |  2.0
Fire Magic     | 1 2 |  2.0
Ice Magic      | 1 2 |  2.0
Air Magic      | 1 2 |  2.0
Earth Magic    | 1 2 |  2.0
Poison Magic   | 1 2 |  2.0
Throwing       | 3 |  3.6
Armour         | 3 |  3.6
Stealth        | 8 |  8.2
Fighting       | |  8.9

Action                   |  1- 3 |  4- 6 |  7- 9 || total
-------------------------+-------+-------+-------++-------
Melee: Dagger            |   119 |   203 |    48 ||   370
       Bite              |    20 |    22 |    11 ||    53
       Punch             |     2 |     4 |     2 ||     8
       Unarmed           |       |     6 |       ||     6
Throw: Dart              |     3 |     1 |       ||     4
       Stone             |    96 |   223 |    18 ||   337
       Boomerang         |       |       |     3 ||     3
Evoke: Wand              |       |     1 |       ||     1
  Use: Potion            |       |     8 |     5 ||    13
       Scroll            |       |     1 |     9 ||    10
 Stab: Sleeping          |     5 |     4 |       ||     9
       Invisible         |       |     1 |       ||     1
Armor: Leather armour    |    43 |    21 |       ||    64
       Skin              |       |     5 |       ||     5
       Ring mail         |       |     3 |    36 ||    39
Dodge: Dodged            |    97 |   127 |    89 ||   313

Levels and vault maps discovered:
D:1:      sevenhm_arrival_forest_fort_large_2, layout_loops_ring,
          shapermc_ecumenical_altar_flowoftime, minmay_tripent
D:2:      layout_loops_ring, serial_shops, shop
D:3:      layout_basic, hangedman_abyss_or_decor_stabs, kennysheep_another_room,
          uniq_terence
D:4:      layout_basic, yredelemnul_altar_generic, mainiacjoe_overflow_alcove_4,
          minmay_temple_entry_stoned_glass,
          nicolae_ossuary_entry_false_entrances, uniq_ijyb, uniq_menkaure
D:5:      layout_basic, ebering_ghost_sewer_d
Temple:   regret_index_temple_waves

Notes
Turn   | Place    | Note
-------+----------+-------------------------------------------
     0 | D:1      | spaghetti the Gnoll Wanderer began the quest for the Orb.
     0 | D:1      | spaghetti set off with the following items: a +1 dagger
                  | {short}, 2 atropa-tipped darts {throwing}, a datura-tipped
                  | dart {throwing}, 7 poisoned darts {throwing}, a +0 dagger
                  | {short}, a scroll of fog, a +0 leather armour
     0 | D:1      | Reached XP level 1. HP: 26/26 MP: 1/1
     0 | D:1      | magus.rc [v1.9.6]
   110 | D:1      | Reached XP level 2. HP: 21/33 MP: 2/2
   588 | D:1      | Reached XP level 3. HP: 31/38 MP: 3/3
   651 | D:1      | Found a faded altar of an unknown god.
  1317 | D:2      | Reached skill level 1 in Invocations
  1438 | D:2      | Found Xiggaihe's Book Shop.
  1957 | D:2      | Reached skill level 1 in Short Blades
  1957 | D:2      | Reached skill level 1 in Long Blades
  1957 | D:2      | Reached skill level 1 in Axes
  1957 | D:2      | Reached skill level 1 in Maces & Flails
  1957 | D:2      | Reached skill level 1 in Polearms
  1957 | D:2      | Reached skill level 1 in Staves
  1957 | D:2      | Reached skill level 1 in Slings
  1957 | D:2      | Reached skill level 1 in Bows
  1957 | D:2      | Reached skill level 1 in Crossbows
  1957 | D:2      | Reached skill level 1 in Dodging
  1957 | D:2      | Reached skill level 1 in Shields
  1957 | D:2      | Reached skill level 1 in Unarmed Combat
  1957 | D:2      | Reached skill level 1 in Spellcasting
  1957 | D:2      | Reached skill level 1 in Evocations
  2055 | D:3      | Reached XP level 4. HP: 40/45 MP: 5/5
  2860 | D:3      | You pick up a book of Minor Magic and begin reading...
  2860 | D:3      | You add the spells Magic Dart, Call Imp and Mephitic Cloud
                  | to your library.
  2864 | D:3      | Learned a level 2 spell: Call Imp
  2868 | D:3      | Learned a level 3 spell: Mephitic Cloud
  2947 | D:3      | Noticed Terence
  2971 | D:3      | Killed Terence
  2972 | D:3      | Reached skill level 1 in Conjurations
  2972 | D:3      | Reached skill level 1 in Hexes
  2972 | D:3      | Reached skill level 1 in Summonings
  2972 | D:3      | Reached skill level 1 in Necromancy
  2972 | D:3      | Reached skill level 1 in Translocations
  2972 | D:3      | Reached skill level 1 in Transmutations
  2972 | D:3      | Reached skill level 1 in Fire Magic
  2972 | D:3      | Reached skill level 1 in Ice Magic
  2972 | D:3      | Reached skill level 1 in Air Magic
  2972 | D:3      | Reached skill level 1 in Earth Magic
  2972 | D:3      | Reached skill level 1 in Poison Magic
  3162 | D:4      | Noticed a necrophage
  3186 | D:4      | Killed a necrophage
  3187 | D:4      | Reached skill level 3 in Throwing
  3187 | D:4      | Reached skill level 3 in Armour
  3187 | D:4      | Reached XP level 5. HP: 45/51 MP: 5/7
  3232 | D:4      | You pick up a book of Lightning and begin reading...
  3232 | D:4      | You add the spells Static Discharge, Lightning Bolt and
                  | Maxwell's Capacitive Coupling to your library.
  3265 | D:4      | Reached skill level 8 in Stealth
  3303 | D:4      | You pick up a book of Spatial Translocations and begin
                  | reading...
  3303 | D:4      | You add the spells Blink, Lesser Beckoning and Manifold
                  | Assault to your library.
  3304 | D:4      | Noticed Ijyb
  3537 | D:4      | Reached skill level 2 in Invocations
  3537 | D:4      | Reached XP level 6. HP: 53/57 MP: 8/8
  3630 | D:4      | Noticed Menkaure
  3631 | D:4      | Found a staircase to the Ecumenical Temple.
  3774 | D:4      | Found a sand-covered staircase.
  3819 | Ossuary  | Entered an ossuary
  4036 | Ossuary  | Learned a level 3 spell: Lesser Beckoning
  4299 | Ossuary  | Reached skill level 2 in Short Blades
  4299 | Ossuary  | Reached skill level 2 in Long Blades
  4299 | Ossuary  | Reached skill level 2 in Axes
  4299 | Ossuary  | Reached skill level 2 in Maces & Flails
  4299 | Ossuary  | Reached skill level 2 in Polearms
  4299 | Ossuary  | Reached skill level 2 in Staves
  4299 | Ossuary  | Reached skill level 2 in Slings
  4299 | Ossuary  | Reached skill level 2 in Bows
  4299 | Ossuary  | Reached skill level 2 in Crossbows
  4299 | Ossuary  | Reached skill level 2 in Dodging
  4299 | Ossuary  | Reached skill level 2 in Shields
  4299 | Ossuary  | Reached skill level 2 in Unarmed Combat
  4299 | Ossuary  | Reached skill level 2 in Spellcasting
  4299 | Ossuary  | Reached skill level 2 in Evocations
  4416 | D:4      | Found a basalt altar of Yredelemnul.
  4453 | D:4      | Gained mutation: You are weak. (Str -2) [potion of
                  | mutation]
  4453 | D:4      | Gained mutation: Your mind is acute. (Int +2) [potion of
                  | mutation]
  4463 | D:4      | Killed Ijyb
  5036 | D:4      | Killed Menkaure
  5037 | D:4      | Reached XP level 7. HP: 32/63 MP: 10/10
  5058 | D:4      | Reached skill level 2 in Conjurations
  5058 | D:4      | Reached skill level 2 in Hexes
  5058 | D:4      | Reached skill level 2 in Summonings
  5058 | D:4      | Reached skill level 2 in Necromancy
  5058 | D:4      | Reached skill level 2 in Translocations
  5058 | D:4      | Reached skill level 2 in Transmutations
  5058 | D:4      | Reached skill level 2 in Fire Magic
  5058 | D:4      | Reached skill level 2 in Ice Magic
  5058 | D:4      | Reached skill level 2 in Air Magic
  5058 | D:4      | Reached skill level 2 in Earth Magic
  5058 | D:4      | Reached skill level 2 in Poison Magic
  5291 | Temple   | Entered the Ecumenical Temple
  5423 | Temple   | Became a worshipper of Cheibriados the Contemplative
  5478 | D:4      | You pick up a book of Unlife and begin reading...
  5478 | D:4      | You add the spells Animate Dead, Borgnjor's Vile Clutch and
                  | Death Channel to your library.
  5521 | D:4      | Found a blossoming altar of Fedhas.
  5599 | D:5      | Entered Level 5 of the Dungeon
  5736 | D:5      | Found a runed translucent door.
  5748 | D:5      | Identified a scroll of acquirement
  5748 | D:5      | Acquired a +2 lajatang of pain
  5756 | D:5      | HP: 14/63 [killer bee (3)]
  5766 | D:5      | HP: 11/63 [killer bee (6)]
  5767 | D:5      | Noticed turdburglar's ghost (novice HOFi)
  5767 | D:5      | HP: 4/63 [killer bee (5)]
  5768 | D:5      | Quit the game

Vanquished Creatures
  Menkaure (D:4)
  A necrophage (D:4)
  An orc priest (D:4)
  A centaur zombie (Ossuary)
  A jelly (D:4)
  2 iguanas (D:4)
  Ijyb (D:4)
  Terence (D:3)
  2 mummies (Ossuary)
  3 gnolls (D:4)
  3 adders
  An adder zombie (Ossuary)
  2 worms (D:2)
  11 orcs
  2 ball pythons
  3 endoplasms
  4 giant cockroaches
  7 goblins
  7 hobgoblins
  18 jackals
  4 kobolds
  4 quokkas
  6 bats
  2 frilled lizards (D:3)
  3 goblin zombies (Ossuary)
  9 hobgoblin zombies (Ossuary)
  2 jackal zombies (Ossuary)
  9 kobold zombies (Ossuary)
  9 orc zombies (Ossuary)
  5 rats
  3 rat zombies (Ossuary)
128 creatures vanquished.

Vanquished Creatures (others)
  A withered plant (D:1)
1 creature vanquished.

Grand Total: 129 creatures vanquished

Table legend:
 A = Non-vault XP
 B = Vault XP
 C = Vault XP percentage of total XP
 D = Non-vault monster count
 E = Vault monster count
 F = Vault count percentage of total count
                 A         B        C        D         E       F
            +---------+---------+-------+---------+---------+-------
      Total |     476 |     360 |  43.1 |      84 |      44 |  34.4
            +---------+---------+-------+---------+---------+-------
        D:1 |      49 |       4 |   7.5 |      27 |       2 |   6.9
        D:2 |      25 |       0 |   0.0 |      12 |       0 |   0.0
        D:3 |      47 |      36 |  43.4 |      14 |       1 |   6.7
        D:4 |     324 |     205 |  38.8 |      24 |       2 |   7.7
        D:5 |      31 |       0 |   0.0 |       7 |       0 |   0.0
    Ossuary |       0 |     115 | 100.0 |       0 |      39 | 100.0
            +---------+---------+-------+---------+---------+-------

Illustrated notes

Table legend:
 A = Kills in this place as a percentage of kills in entire the game.
 B = Kills by you in this place as a percentage of kills by you in the entire game.
 C = Kills by friends in this place as a percentage of kills by friends in the entire game.
 D = Other kills in this place as a percentage of other kills in the entire game.
 E = Experience gained in this place as a percentage of experience gained in the entire game.
 F = Experience gained in this place divided by the number of levels of this place that you have seen.
                   A       B       C       D       E      F
               +-------+-------+-------+-------+-------+----------------------
         Total | 100.0 | 100.0 |   N/A |   N/A | 100.0 | 119.4
       Dungeon |  69.5 |  69.5 |   N/A |   N/A |  86.2 | 144.2
       Ossuary |  30.5 |  30.5 |   N/A |   N/A |  13.8 | 115.0
               +-------+-------+-------+-------+-------+----------------------

Table legend: (Time is in decaauts)
 A = Elapsed time spent in this place.
 B = Non-inter-level travel time spent in this place.
 C = Inter-level travel time spent in this place.
 D = Time resting spent in this place.
 E = Time spent auto-exploring this place.
 F = Levels seen in this place.
 G = Mean time per level.
                   A        B        C        D        E       F      G
               +--------+--------+--------+--------+--------+-----+--------+
         Total |   5758 |   5431 |    327 |    358 |   3953 |   7 |  822.6 |
       Dungeon |   5028 |   4751 |    277 |    313 |   3589 |   5 | 1005.6 |
        Temple |    172 |    123 |     49 |      0 |    109 |   1 |  172.0 |
       Ossuary |    557 |    557 |      0 |     45 |    254 |   1 |  557.0 |
               +--------+--------+--------+--------+--------+-----+--------+

Top non-repeatable levels by time:
     D:4: 1558 daAuts
     D:1: 1311 daAuts
     D:3: 1282 daAuts
     D:2: 702 daAuts
 Ossuary: 557 daAuts
     D:5: 174 daAuts
  Temple: 172 daAuts
